APP
ELIZABETHTON TWINS @ BALTIMORE (APP) ORIOLES
10/04/2049
 
TOP OF THE 1ST
Burlington Royals batting - Pitching for Baltimore (APP) Orioles : RHP Bob Bychyk
Pitching: RHP Bob Bychyk
Batting: RHB Shura Mogilny 0-0: Called Strike
0-1: Ball
1-1: Ball
2-1: Swinging Strike
2-2: Foul Ball, location: 2F
2-2: Foul Ball, location: 2F
2-2: Strikes out looking
Batting: RHB David Rubio 0-0: Ground out 5-3 (Groundball, 25, EV 85.6 MPH)
Batting: RHB Hugo Chavez 0-0: Called Strike
0-1: Ball
1-1: Ball
2-1: Called Strike
2-2: Ground out 6-3 (Groundball, 6M, EV 109.4 MPH)
Top of the 1st over - 0 runs, 0 hits, 0 errors, 0 left on base; Burlington 0 - Baltimore (APP) 0
BOTTOM OF THE 1ST
Baltimore (APP) Orioles batting - Pitching for Burlington Royals : RHP Ryan Robbins
Pitching: RHP Ryan Robbins
Batting: SHB Eric Kelley 0-0: Ball
1-0: Ball
2-0: Foul Ball, location: 2F
2-1: SINGLE (Groundball, 34D, EV 93.8 MPH)
Batting: RHB Ruben Domingues 0-0: Ball
Eric Kelley steals 2nd base
1-0: Ball
2-0: Ball
3-0: Called Strike
3-1: Foul Ball, location: 2F
3-2: DOUBLE (Line Drive, 9LM, EV 104.4 MPH)
Eric Kelley scores
Batting: LHB Jeremy Nuzzo 0-0: Ball
1-0: SINGLE (Line Drive, 4MD, EV 96.2 MPH)
Ruben Domingues to third
Batting: RHB C.J. Wells 0-0: Fielders Choice at 2nd, 5-4 (Groundball, 5, EV 81.9 MPH)
Ruben Domingues scores
Batting: LHB Xue-liang Zhou 0-0: Fly out, F8 (Flyball, 8LS, EV 90.0 MPH)
Batting: RHB Juan Eyrich 0-0: Ball
1-0: Ball
2-0: Ground out 5-3 (Groundball, 56S, EV 81.2 MPH)
Bottom of the 1st over - 2 runs, 3 hits, 0 errors, 1 left on base; Burlington 0 - Baltimore (APP) 2
TOP OF THE 2ND
Burlington Royals batting - Pitching for Baltimore (APP) Orioles : RHP Bob Bychyk
Batting: SHB Alex Cavazos 0-0: Ball
1-0: Foul Ball, location: 2F
1-1: Fly out, F5 (Popup, 5SF, EV 74.4 MPH)
Batting: RHB Tim Williams 0-0: Ball
1-0: Ball
2-0: Ball
3-0: Base on Balls
Batting: LHB Jayden Pelayo 0-0: Ball
1-0: Ball
2-0: Ball
3-0: Called Strike
3-1: Base on Balls
Tim Williams to second
Batting: RHB Masakuni Takeuchi 0-0: 3-RUN HOME RUN (Flyball, 7D, EV 97.5 MPH), Distance : 384 ft
Batting: RHB Juan Nieves 0-0: Called Strike
0-1: Called Strike
0-2: Foul Ball, location: 2F
0-2: Foul Ball, location: 2F
0-2: Ball
1-2: Strikes out swinging
Batting: RHB Jason Conner 0-0: Ball
1-0: Ground out 6-3 (Groundball, 6, EV 86.2 MPH)
Top of the 2nd over - 3 runs, 1 hit, 0 errors, 0 left on base; Burlington 3 - Baltimore (APP) 2
BOTTOM OF THE 2ND
Baltimore (APP) Orioles batting - Pitching for Burlington Royals : RHP Ryan Robbins
Batting: LHB Edwin Cabral 0-0: Called Strike
0-1: SINGLE (Groundball, 4MD, EV 101.2 MPH)
Batting: RHB Imbart van Rens 0-0: 2-RUN HOME RUN (Flyball, 9D, EV 96.9 MPH), Distance : 379 ft
Batting: LHB Ivan Alvarez 0-0: Ball
1-0: Ground out U3 (Groundball, 3, EV 104.4 MPH)
Batting: SHB Eric Kelley 0-0: Ball
1-0: Swinging Strike
1-1: Ground out 4-3 (Groundball, 4, EV 80.6 MPH)
Batting: RHB Ruben Domingues 0-0: Called Strike
0-1: Swinging Strike
0-2: Strikes out looking
Bottom of the 2nd over - 2 runs, 2 hits, 0 errors, 0 left on base; Burlington 3 - Baltimore (APP) 4
TOP OF THE 3RD
Burlington Royals batting - Pitching for Baltimore (APP) Orioles : RHP Bob Bychyk
Batting: RHB Shura Mogilny 0-0: Called Strike
0-1: Foul Ball, location: 2F
0-2: Ground out 6-3 (Groundball, 6, EV 108.8 MPH)
Batting: RHB David Rubio 0-0: DOUBLE (Line Drive, 78XD, EV 102.5 MPH)
Batting: RHB Hugo Chavez 0-0: Swinging Strike
0-1: Foul Ball, location: 2F
0-2: Ball
1-2: Foul Ball, location: 2F
1-2: Strikes out looking
Batting: SHB Alex Cavazos 0-0: Ball
1-0: Ball
2-0: SINGLE (Groundball, 56, EV 109.4 MPH) (infield hit)
David Rubio to third
Batting: RHB Tim Williams 0-0: Called Strike
0-1: Foul Ball, location: 2F
0-2: Ball
1-2: Ball
2-2: Ball
3-2: Strikes out looking
Top of the 3rd over - 0 runs, 2 hits, 0 errors, 2 left on base; Burlington 3 - Baltimore (APP) 4
BOTTOM OF THE 3RD
Baltimore (APP) Orioles batting - Pitching for Burlington Royals : RHP Ryan Robbins
Batting: LHB Jeremy Nuzzo 0-0: Hit by Pitch
Batting: RHB C.J. Wells 0-0: SINGLE (Line Drive, 89S, EV 94.4 MPH)
Jeremy Nuzzo to second
Batting: LHB Xue-liang Zhou 0-0: SINGLE (Groundball, 6D, EV 95.6 MPH)
Jeremy Nuzzo to third
C.J. Wells to second
Batting: RHB Juan Eyrich 0-0: Called Strike
0-1: Ball
1-1: Foul Ball, location: 2F
1-2: Ball
2-2: Ball
3-2: Foul Ball, location: 2F
3-2: Foul Ball, location: 2F
3-2: Base on Balls
Jeremy Nuzzo scores
C.J. Wells to third
Xue-liang Zhou to second
Pitching: RHP Itsuki Eguchi
Batting: LHB Edwin Cabral 0-0: Ball
Wild Pitch!
C.J. Wells scores
Xue-liang Zhou to third
Juan Eyrich to second
1-0: Ball
2-0: Foul Ball, location: 2F
2-1: Called Strike
2-2: Ground out 6-3 (Groundball, 6M, EV 90.0 MPH)
Xue-liang Zhou scores
Juan Eyrich to third
Batting: RHB Imbart van Rens 0-0: Ball
Wild Pitch!
Juan Eyrich scores
1-0: Called Strike
1-1: Ball
2-1: Ball
3-1: Base on Balls
Batting: LHB Ivan Alvarez 0-0: Ball
Imbart van Rens is caught stealing 2nd base 2-6
1-0: Ball
2-0: Foul Ball, location: 2F
2-1: Ball
3-1: Ground out U3 (Groundball, 3, EV 93.1 MPH)
Bottom of the 3rd over - 4 runs, 2 hits, 0 errors, 0 left on base; Burlington 3 - Baltimore (APP) 8
TOP OF THE 4TH
Burlington Royals batting - Pitching for Baltimore (APP) Orioles : RHP Bob Bychyk
Batting: LHB Jayden Pelayo 0-0: Ball
1-0: Foul Ball, location: 2F
1-1: Ball
2-1: Swinging Strike
2-2: Foul Ball, location: 2F
2-2: SOLO HOME RUN (Flyball, 9D, EV 107.5 MPH), Distance : 396 ft
Batting: RHB Masakuni Takeuchi 0-0: Called Strike
0-1: Ball
1-1: Foul Ball, location: 2F
1-2: Foul Ball, location: 2F
1-2: Ball
2-2: Foul Ball, location: 2F
2-2: Strikes out swinging
Batting: RHB Juan Nieves 0-0: Ball
1-0: Ball
2-0: Ball
3-0: Called Strike
3-1: SINGLE (Groundball, 34D, EV 94.4 MPH)
Batting: RHB Jason Conner 0-0: Ball
1-0: Called Strike
1-1: Ball
2-1: Ball
3-1: Fly out, F7 (Line Drive, 78S, EV 93.8 MPH)
Batting: RHB Shura Mogilny 0-0: Ball
1-0: Ball
2-0: Swinging Strike
2-1: Ball
3-1: Base on Balls
Juan Nieves to second
Batting: RHB David Rubio 0-0: Fly out, F8 (Flyball, 8LS, EV 83.1 MPH)
Top of the 4th over - 1 run, 2 hits, 0 errors, 2 left on base; Burlington 4 - Baltimore (APP) 8
BOTTOM OF THE 4TH
Baltimore (APP) Orioles batting - Pitching for Burlington Royals : RHP Itsuki Eguchi
Batting: SHB Eric Kelley 0-0: Ball
1-0: Ball
2-0: Foul Ball, location: 2F
2-1: SINGLE (Line Drive, 56D, EV 100.0 MPH)
Batting: RHB Ruben Domingues 0-0: Ball
1-0: Ball
2-0: Called Strike
2-1: Ball
3-1: Called Strike
3-2: Base on Balls
Eric Kelley to second
Batting: LHB Jeremy Nuzzo 0-0: Foul Ball, location: 2F
0-1: Ball
1-1: Fly out, F2 (Popup, 15S, EV 93.8 MPH)
Batting: RHB C.J. Wells 0-0: Called Strike
0-1: Foul Ball, location: 2F
0-2: Ball
1-2: Foul Ball, location: 2F
1-2: Ball
2-2: Ball
3-2: Base on Balls
Eric Kelley to third
Ruben Domingues to second
Batting: LHB Xue-liang Zhou 0-0: Ball
1-0: Swinging Strike
1-1: Foul Ball, location: 2F
1-2: Foul Ball, location: 2F
1-2: Ball
2-2: Ball
3-2: Strikes out swinging
Pitching: RHP Jordan Viveros
Batting: RHB Juan Eyrich 0-0: Called Strike
0-1: Fly out, F8 (Flyball, 89M, EV 83.8 MPH)
Bottom of the 4th over - 0 runs, 1 hit, 0 errors, 3 left on base; Burlington 4 - Baltimore (APP) 8
TOP OF THE 5TH
Burlington Royals batting - Pitching for Baltimore (APP) Orioles : RHP Bob Bychyk
Batting: RHB Hugo Chavez 0-0: Ground out 5-3 (Groundball, 5, EV 103.1 MPH)
Batting: SHB Alex Cavazos 0-0: Called Strike
0-1: Ball
1-1: Foul Ball, location: 2F
1-2: Foul Ball, location: 2F
1-2: Strikes out swinging
Batting: RHB Tim Williams 0-0: Ground out 5-3 (Groundball, 56, EV 86.2 MPH)
Top of the 5th over - 0 runs, 0 hits, 0 errors, 0 left on base; Burlington 4 - Baltimore (APP) 8
BOTTOM OF THE 5TH
Baltimore (APP) Orioles batting - Pitching for Burlington Royals : RHP Jordan Viveros
Batting: LHB Edwin Cabral 0-0: Ball
1-0: Ball
2-0: Called Strike
2-1: Swinging Strike
2-2: TRIPLE (Line Drive, 89XD, EV 111.9 MPH)
Batting: RHB Imbart van Rens 0-0: Called Strike
0-1: Swinging Strike
0-2: Foul Ball, location: 2F
0-2: Ball
1-2: Ball
2-2: Strikes out swinging
Batting: LHB Ivan Alvarez 0-0: Fly out, F8 (Flyball, 8RM, EV 86.9 MPH)
Runner from 3rd tags up, SCORES, throw by CF
Batting: SHB Eric Kelley 0-0: Ball
1-0: DOUBLE (Line Drive, 9LM, EV 103.1 MPH)
Batting: RHB Ruben Domingues 0-0: Ball
1-0: Fly out, F4 (Popup, 4MD, EV 61.9 MPH)
Bottom of the 5th over - 1 run, 2 hits, 0 errors, 1 left on base; Burlington 4 - Baltimore (APP) 9
TOP OF THE 6TH
Burlington Royals batting - Pitching for Baltimore (APP) Orioles : RHP Bob Bychyk
Batting: LHB Jayden Pelayo 0-0: Called Strike
0-1: Ball
1-1: Foul Ball, location: 2F
1-2: Ball
2-2: Strikes out swinging
Pitching: LHP Sueo Iba
Batting: RHB Masakuni Takeuchi 0-0: Foul Ball, location: 2F
0-1: Ball
1-1: Foul Ball, location: 2F
1-2: Strikes out swinging
Batting: RHB Juan Nieves 0-0: DOUBLE (Flyball, 8RXD, EV 101.9 MPH)
Batting: RHB Jason Conner 0-0: Foul Ball, location: 2F
0-1: Ball
1-1: Ball
2-1: Called Strike
2-2: Strikes out swinging
Top of the 6th over - 0 runs, 1 hit, 0 errors, 1 left on base; Burlington 4 - Baltimore (APP) 9
BOTTOM OF THE 6TH
Baltimore (APP) Orioles batting - Pitching for Burlington Royals : RHP Jordan Viveros
Batting: LHB Jeremy Nuzzo 0-0: Ball
1-0: Foul Ball, location: 2F
1-1: Swinging Strike
1-2: Strikes out looking
Batting: RHB C.J. Wells 0-0: Called Strike
0-1: Ball
1-1: Foul Ball, location: 2F
1-2: Ball
2-2: Strikes out swinging
Batting: LHB Xue-liang Zhou 0-0: Foul Ball, location: 2F
0-1: Ball
1-1: Ball
2-1: Swinging Strike
2-2: Ball
3-2: Strikes out looking
Bottom of the 6th over - 0 runs, 0 hits, 0 errors, 0 left on base; Burlington 4 - Baltimore (APP) 9
TOP OF THE 7TH
Burlington Royals batting - Pitching for Baltimore (APP) Orioles : LHP Sueo Iba
Batting: RHB Shura Mogilny 0-0: Swinging Strike
0-1: Ground out 5-3 (Groundball, 56, EV 92.5 MPH)
Batting: RHB David Rubio 0-0: Foul Ball, location: 2F
0-1: Swinging Strike
0-2: Ball
1-2: Strikes out swinging
Batting: RHB Hugo Chavez 0-0: Foul Ball, location: 2F
0-1: Called Strike
0-2: Ball
1-2: Ball
2-2: Strikes out swinging
Top of the 7th over - 0 runs, 0 hits, 0 errors, 0 left on base; Burlington 4 - Baltimore (APP) 9
BOTTOM OF THE 7TH
Baltimore (APP) Orioles batting - Pitching for Burlington Royals : RHP Jordan Viveros
Batting: RHB Juan Eyrich 0-0: Ball
1-0: Ball
2-0: Ball
3-0: Called Strike
3-1: Foul Ball, location: 2F
3-2: Foul Ball, location: 2F
3-2: Foul Ball, location: 2F
3-2: Base on Balls
Pitching: RHP Victor Maravilla
Batting: LHB Edwin Cabral 0-0: Called Strike
0-1: Swinging Strike
0-2: Ball
1-2: Foul Ball, location: 2F
1-2: Foul Ball, location: 2F
1-2: Strikes out swinging
Batting: RHB Imbart van Rens 0-0: Swinging Strike
0-1: Foul Ball, location: 2F
0-2: Strikes out looking
Batting: LHB Ivan Alvarez 0-0: Ball
Juan Eyrich steals 2nd base
1-0: Ball
2-0: Called Strike
2-1: Fly out, F7 (Flyball, 7, EV 89.4 MPH)
Bottom of the 7th over - 0 runs, 0 hits, 0 errors, 1 left on base; Burlington 4 - Baltimore (APP) 9
TOP OF THE 8TH
Burlington Royals batting - Pitching for Baltimore (APP) Orioles : LHP Sueo Iba
Batting: SHB Alex Cavazos 0-0: Ground out 6-3 (Groundball, 15, EV 85.6 MPH)
Batting: RHB Tim Williams 0-0: Foul Ball, location: 2F
0-1: Called Strike
0-2: Foul Ball, location: 2F
0-2: Foul Ball, location: 2F
0-2: Foul Ball, location: 2F
0-2: Strikes out swinging
Batting: LHB Jayden Pelayo 0-0: Ball
1-0: Ball
2-0: Swinging Strike
2-1: Ball
3-1: Base on Balls
Batting: RHB Masakuni Takeuchi 0-0: Called Strike
0-1: Ball
1-1: Called Strike
1-2: Hit by Pitch
Jayden Pelayo to second
Batting: RHB Juan Nieves 0-0: Ball
1-0: Swinging Strike
1-1: Called Strike
1-2: Ball
2-2: 3-RUN HOME RUN (Line Drive, 7D, EV 111.2 MPH), Distance : 405 ft
Pitching: RHP Craig Painter
Batting: RHB Jason Conner 0-0: Foul Ball, location: 2F
0-1: Ball
1-1: Ball
2-1: SINGLE (Flyball, 6D, EV 89.4 MPH)
Batting: RHB Shura Mogilny 0-0: Called Strike
0-1: Swinging Strike
0-2: Ball
1-2: Strikes out swinging
Top of the 8th over - 3 runs, 2 hits, 0 errors, 1 left on base; Burlington 7 - Baltimore (APP) 9
BOTTOM OF THE 8TH
Baltimore (APP) Orioles batting - Pitching for Burlington Royals : RHP Victor Maravilla
Batting: SHB Eric Kelley 0-0: Called Strike
0-1: SINGLE (Groundball, 6M, EV 100.0 MPH) (infield hit)
Batting: RHB Ruben Domingues 0-0: Ball
Eric Kelley is caught stealing 2nd base 2-4
1-0: Ball
2-0: Foul Ball, location: 2F
2-1: Foul Ball, location: 2F
2-2: Fly out, F7 (Flyball, 78M, EV 83.1 MPH)
Batting: LHB Jeremy Nuzzo 0-0: Called Strike
0-1: Ball
1-1: Ball
2-1: Ground out U3 (Groundball, 3L, EV 80.0 MPH)
Bottom of the 8th over - 0 runs, 1 hit, 0 errors, 0 left on base; Burlington 7 - Baltimore (APP) 9
TOP OF THE 9TH
Burlington Royals batting - Pitching for Baltimore (APP) Orioles : RHP Craig Painter
Pitching: RHP Harold Price
Now at 1B: Minoru Matsumoto
Batting: RHB David Rubio 0-0: Foul Ball, location: 2F
0-1: Called Strike
0-2: Ball
1-2: Foul Ball, location: 2F
1-2: Strikes out swinging
Batting: RHB Hugo Chavez 0-0: Ball
1-0: Foul Ball, location: 2F
1-1: Called Strike
1-2: Ball
2-2: Ball
3-2: Strikes out swinging
Batting: SHB Alex Cavazos 0-0: Called Strike
0-1: Fly out, F5 (Line Drive, 5L, EV 68.1 MPH)
Top of the 9th over - 0 runs, 0 hits, 0 errors, 0 left on base; Burlington 7 - Baltimore (APP) 9
Sunday, July 16th , 2023 - OOTP Baseball 24.6 Build 69